 Dungeon Crawl Stone Soup version 0.23.0 (webtiles) character file.

Game seed: 9155194031677863513

126 Lanoc the Skirmisher (level 4, -3/37 HPs)
             Began as a Demonspawn Monk on Feb 11, 2019.
             Slain by a river rat (5 damage)
             ... on level 3 of the Dungeon.
             The game lasted 00:04:25 (2228 turns).

Lanoc the Skirmisher (Demonspawn Monk)              Turns: 2228, Time: 00:04:26

Health: -3/37      AC:  4    Str: 12    XL:     4   Next: 83%
Magic:  4/4        EV: 14    Int: 12    God:
Gold:   45         SH:  0    Dex: 15    Spells: 3/3 levels left

rFire    . . .     SeeInvis .   a - +0 falchion
rCold    + . .     Gourm    .   (no shield)
rNeg     . . .     Faith    .   b - +0 robe
rPois    .         Spirit   .   g - +2 hat
rElec    .         Reflect  .   (no cloak)
rCorr    .         Harm     .   (no gloves)
MR       .....                  (no boots)
Stlth    ++........             (no amulet)
HPRegen  0.12/turn              (no ring)
MPRegen  0.09/turn              (no ring)

@: no status effects
A: claws 1, cold resistance 1, wild magic 1
a: no special abilities


You were on level 3 of the Dungeon.
You were hungry.

You visited 1 branch of the dungeon, and saw 3 of its levels.

You collected 45 gold pieces.

Inventory:

Hand Weapons
 a - a +0 falchion (weapon)
Armour
 b - a +0 robe (worn)
 g - a +2 hat (worn)
Scrolls
 d - 4 scrolls of remove curse
 e - a scroll of amnesia
 i - 2 scrolls of identify
 j - a scroll of enchant weapon {unknown}
 m - a scroll of fear
Comestibles
 c - 3 rations
 f - 2 chunks of flesh


   Skills:
 + Level 4.0 Fighting
 - Level 2.6 Long Blades
 + Level 2.2 Armour
 + Level 3.6 Dodging
 - Level 1.7 Stealth


You had 3 spell levels left.
You didn't know any spells.
Your spell library was empty.

Dungeon Overview and Level Annotations

Branches:
Dungeon (3/15)

Altars:
Qazlal
Ru
Uskayaw
Zin


Innate Abilities, Weirdness & Mutations

You have sharp fingernails.
Your flesh is cold resistant. (rC+)
Your spells are a little harder to cast, but a little more powerful.


Message History

The river rat bites you!
* * * LOW HITPOINT WARNING * * *
You barely miss the river rat.
The river rat is moderately wounded.
The river rat closely misses you.
You riposte.
You closely miss the river rat.
The river rat is moderately wounded.
You hit the river rat but do no damage.
The river rat is moderately wounded.
The river rat barely misses you.
You riposte.
You closely miss the river rat.
The river rat is moderately wounded.
You barely miss the river rat.
The river rat is moderately wounded.
The river rat closely misses you.
You riposte.
You hit the river rat but do no damage.
The river rat is moderately wounded.
You aren't carrying any potions.
You hit the river rat.
The river rat is moderately wounded.
The river rat bites you.
You die...

**≈≈***#≈≈#* *≈≈≈≈≈≈≈≈≈≈*
**≈≈****≈≈#* *≈**≈≈*#≈#
*###**********≈≈≈≈∩≈#≈#
*..,,,,,,,,,,*≈≈≈≈≈≈#≈#
*#.#*********,####≈≈##≈# #
##..############≈≈####≈≈##
###...........#.@r≈≈≈≈≈†≈≈≈#
.##..####***#...##≈≈####≈≈##
........# ###..####,*####
.#......# #..#.#*.#
##.###..#######..#.##.# ##.#
#.....<..........#
...###.).........#.##.#
##.....#.######.##.##.#
*#.<..###.<..##.......#


You could see a river rat.

Vanquished Creatures
  A hound (D:3)
  3 adders
  An ooze (D:1)
  2 dart slugs (D:1)
  A ball python (D:1)
  5 giant cockroaches
  9 goblins
  7 hobgoblins
  3 jackals (D:2)
  8 kobolds
  3 quokkas (D:2)
  2 bats
  3 frilled lizards
  9 rats
57 creatures vanquished.

Notes
Turn   | Place    | Note
-------+----------+-------------------------------------------
     0 | D:1      | Lanoc the Demonspawn Monk began the quest for the Orb.
     0 | D:1      | Reached XP level 1. HP: 18/18 MP: 1/1
   128 | D:1      | Gained mutation: You have sharp fingernails. [demonic
                  | ancestry]
   128 | D:1      | Reached XP level 2. HP: 22/24 MP: 2/2
   259 | D:1      | Reached skill level 1 in Armour
   803 | D:1      | Reached XP level 3. HP: 29/29 MP: 3/3
  1566 | D:2      | Found a hide-covered altar of Uskayaw.
  1570 | D:2      | Noticed a -1 dagger
  1570 | D:2      | Noticed a +0 dagger
  1852 | D:2      | Found a sacrificial altar of Ru.
  1866 | D:2      | Found a glowing silver altar of Zin.
  1941 | D:3      | Reached XP level 4. HP: 37/37 MP: 4/4
  1949 | D:3      | Found a stormy altar of Qazlal.
  1993 | D:3      | Gained mutation: Your flesh is cold resistant. (rC+)
                  | [potion of mutation]
  1993 | D:3      | Gained mutation: Your spells are a little harder to cast,
                  | but a little more powerful. [potion of mutation]
  2085 | D:3      | Reached skill level 4 in Fighting
  2224 | D:3      | HP: 1/37 [river rat (7)]
  2228 | D:3      | Slain by a river rat

Skill      XL: |  1  2  3  4 |
---------------+-------------+-----
Armour         | 1 2 |  2.2
Dodging        | 3 |  3.6
Fighting       | 4 |  4.0
Long Blades    | |  2.6
Stealth        | |  1.7

Action                   |  1- 3 |  4- 6 || total
-------------------------+-------+-------++-------
Melee: Falchion          |   149 |    58 ||   207
  Use: Potion            |     3 |     2 ||     5
       Scroll            |       |     5 ||     5
 Stab: Sleeping          |     8 |     1 ||     9
  Eat: Chunk             |     3 |     1 ||     4
Armor: Robe              |    37 |    14 ||    51
Dodge: Dodged            |   121 |    42 ||   163
       Rpst.: Falchion   |    42 |    17 ||    59
